 Dungeon Crawl Stone Soup version 0.30-a0-154-gb106f4c828 (webtiles) character file.

Game seed: 4446864925981921158

41904 Malachi the Warrior (level 13, -1/126 HPs)
             Began as a Black Draconian Air Elementalist on Sept 27, 2022.
             Was a High Priest of Cheibriados.
             Drowned by a water elemental (13 damage)
             ... on level 14 of the Dungeon.
             The game lasted 00:38:58 (16987 turns).

Malachi the Warrior (DrAE)                         Turns: 16987, Time: 00:38:59

Health: -1/126     AC: 23    Str: 30    XL:     13   Next: 82%
Magic:  18/25      EV: 20    Int: 39    God:    Cheibriados [*****.]
Gold:   622        SH: 11    Dex: 27    Spells: 17/28 levels left

rFire   . . .      SeeInvis .    a - +2 flail (protect)
rCold   . . .      Faith    .    s - +3 buckler of Xulonibig {Str+5}
rNeg    . . .      Spirit   .    (body armour unavailable)
rPois   .          Reflect  .    K - +1 hat
rElec   +          Harm     .    C - +0 cloak
rCorr   .          Rampage  .    f - +2 pair of gloves
Will    .....                    r - +2 pair of boots
Stlth   ++........               d - amulet of regeneration
HPRegen 1.11/turn                h - +4 ring of slaying
MPRegen 0.19/turn                b - +6 ring of intelligence

@: engulfed (cannot breathe), under a protective aura, studying Fighting, very
slow
A: breathe lightning, AC +8, unfitting armour, electricity resistance,
cold-blooded
a: Breathe Lightning, Renounce Religion, Bend Time, Temporal Distortion, Slouch,
Step From Time


You were on level 14 of the Dungeon.
You worshipped Cheibriados.
Cheibriados was extremely pleased with you.
You visited 2 branches of the dungeon, and saw 15 of its levels.
You also visited: Sewer.

You collected 939 gold pieces.
You spent 317 gold pieces at shops.

Inventory:

Hand Weapons
 a - a +2 flail of protection (weapon)
 H - the +7 sling "Xuatiwoo" {venom, Int+3}
   (You found it on level 9 of the Dungeon)

   Any ammunition fired from it poisons the flesh of those it strikes.
   Int:       It affects your intelligence (+3).
Missiles
 e - 70 poisoned darts
 u - 3 curare-tipped darts
 v - 16 javelins
 E - 3 throwing nets
 J - a silver javelin
Armour
 f - a +2 pair of gloves (worn)
 r - a +2 pair of boots (worn)
 s - the +3 buckler of Xulonibig (worn) {Str+5}
   (You acquired it on level 4 of the Dungeon)

   Str:       It affects your strength (+5).
 C - a +0 cloak (worn)
 K - a +1 hat (worn)
Jewellery
 b - a +6 ring of intelligence (right hand)
 d - an amulet of regeneration (around neck)
 h - a +4 ring of slaying (left hand)
 D - a ring of protection from cold
 M - a +6 ring of intelligence
Wands
 k - a wand of flame (25)
 q - a wand of mindburst (5)
 w - a wand of polymorph (11)
 I - a wand of roots (7)
Scrolls
 c - 3 scrolls of blinking
 j - 6 scrolls of teleportation
 l - 2 scrolls of magic mapping
 p - a scroll of identify
 y - 3 scrolls of fear
 A - 6 scrolls of fog
 B - 2 scrolls of enchant weapon
 F - a scroll of amnesia
 L - a scroll of poison
 O - a scroll of torment
Potions
 g - 11 potions of curing
 m - 4 potions of brilliance
 n - a potion of might
 o - 3 potions of mutation
 t - a potion of invisibility
 x - 2 potions of ambrosia
 z - 3 potions of cancellation
 N - a potion of lignification
Miscellaneous
 G - a phantom mirror
 P - a condenser vane (inert)


   Skills:
 - Level 15.0 Fighting
 + Level 8.8 Dodging
 - Level 1.8 Stealth
 - Level 10.0 Shields
 - Level 8.0 Spellcasting
 - Level 8.0 Conjurations
 - Level 8.0 Air Magic
 - Level 12.0 Invocations


You had 17 spell levels left.
You knew the following spells:

 Your Spells              Type           Power      Damage    Failure   Level
a - Freezing Cloud        Conj/Ice/Air   27%        6-21      9%          5
b - Static Discharge      Conj/Air       100%       2-7/arc   1%          2
c - Airstrike             Air            33%        2d(5-21)  1%          4

Your spell library contained the following spells:

 Spells                   Type           Power      Damage    Failure   Level
 Magic Dart               Conj           100%       1d8       1%          1
 Shock                    Conj/Air       100%       1d9       1%          1
 Cigotuvi's Dreadful Rot  Necr/Pois/Air  72%        N/A       1%          2
 Poisonous Vapours        Pois/Air       92%        N/A       1%          2
 Dazzling Flash           Conj/Hex       92%        N/A       1%          3
 Swiftness                Air            67%        N/A       1%          3
 Apportation              Tloc           30%        N/A       2%          1
 Necrotise                Necr           60%        1d7       2%          1
 Slow                     Hex            60%        N/A       2%          1
 Sting                    Tmut/Pois      60%        1d6       2%          1
 Summon Small Mammal      Summ           60%        N/A       2%          1
 Arcjolt                  Conj/Air       33%        1d43      2%          5
 Lightning Bolt           Conj/Air       33%        1d51      2%          5
 Ensorcelled Hibernation  Hex/Ice        30%        N/A       4%          2
 Confusing Touch          Hex            15%        N/A       9%          3
 Spider Form              Tmut/Pois      15%        N/A       9%          3
 Summon Guardian Golem    Hex/Summ       15%        N/A       9%          3
 Vampiric Draining        Necr           15%        2d7       9%          3
 Anguish                  Hex/Necr       7%         N/A       26%         4
 Leda's Liquefaction      Hex/Erth       7%         N/A       26%         4
 Olgreb's Toxic Radiance  Pois           15%        N/A       26%         4
 Agony                    Necr           15%        N/A       58%         5
 Alistair's Intoxication  Tmut/Pois      10%        N/A       58%         5
 Iron Shot                Conj/Erth      23%        9d5       63%         6
 Orb of Destruction       Conj           33%        9d10      65%         7
 Spellforged Servitor     Conj/Summ      23%        N/A       99%         7
 Maxwell's Capacitive Co  Air            33%        ∞         100%        8


Dungeon Overview and Level Annotations

Branches:
Dungeon (14/15)            Temple (1/1) D:4            Lair (0/5) D:8
    Orc (0/2) D:10         Vaults (0/5) D:13          Sewer (visited)

Altars:
Ashenzari
Cheibriados
Dithmenos
Elyvilon
Fedhas
Gozag
Hepliaklqana
Kikubaaqudgha
Makhleb
Nemelex Xobeh
Okawaru
Qazlal
Ru
Sif Muna
Trog
Uskayaw
Vehumet
Wu Jian
Xom
Yredelemnul
Zin
The Shining One

Shops:
D:6 ([?!   D:12 (:(

Portals:
Trove: D:13 (give 2 scrolls of acquirement)


Innate Abilities, Weirdness & Mutations

You can breathe wild blasts of lightning.
Your glossy black scales are hard. (AC +8)
You cannot fit into any form of body armour.
You are resistant to electric shocks. (rElec)
You are cold-blooded and may be slowed by cold attacks.


Message History

Unknown command.
Unknown command.
You cannot cast spells while unable to breathe!
Unknown command.
Unknown command.
Unknown command.
You sock the cyclops!
Your weapon exudes an aura of protection.
The cyclops is almost dead.
Your lungs strain for air!
You block the cyclops's attack.
The water elemental completely misses you.
Your unstable footing causes you to fumble your attack.
Your lungs strain for air!
You block the water elemental's attack. The cyclops barely misses you.
You block the water elemental's attack.
Your unstable footing causes you to fumble your attack.
Your lungs strain for air!
You block the cyclops's attack. The water elemental hits you.
Your unstable footing causes you to fumble your attack.
Your lungs strain for air!
The water elemental barely misses you. The cyclops misses you.
You block the water elemental's attack.
You sock the water elemental!
Your weapon exudes an aura of protection.
The water elemental is severely damaged.
Your lungs strain for air!
The cyclops hits you!!
* * * LOW HITPOINT WARNING * * *
The water elemental hits you.
* * * LOW HITPOINT WARNING * * *
The cyclops hits you but does no damage.
Your unstable footing causes you to fumble your attack.
* * * LOW HITPOINT WARNING * * *
Your lungs strain for air!
You block the water elemental's attack.
The cyclops hits you but does no damage.
Unknown command.
Your unstable footing causes you to fumble your attack.
You die...

#..#....8~~~~~~~~~8...♣.......#
#..##...~~~~~~~~~~~...........#
#..##...~~~~≈≈≈~~~~...♣.......#
#...~~~≈≈≈≈≈~~~).....######
~≈≈8~8≈≈~~...♣..# #.#
~≈≈≈⌠≈≈≈~~......# ...
~≈≈8≈8≈≈÷[...♣..# #.# ..
~~≈≈≈~≈~~~......# ..#.#..
~~~≈≈~C@~~...♣..# #.#.#.
~~~~~~E~~~......###### .....
~~~~~~z~~8...♣.......#.# #.#.# .
................####'#.# #.... .
................#....... #.#.#.#
##...#..#.......#.......
#.#.#.##.##...#..#'......#.......
#.#.#.........#.....####.#.......
.........##..##.....####.#.......


You could see a skeletal warrior, a cyclops and a water elemental.

Vanquished Creatures
  Gastronok (D:11)
  The ghost of onwiheg the Peltast, a journeyman FoFi of Gozag (D:13)
  Harold (D:9)
  An ogre mage (D:13)
  Erolcha (D:9)
  The ghost of Stonecrops the Blocker, a journeyman FoFi of Okawaru (D:11)
  A hydra (D:9)
  6 centaur warriors
  A death knight (D:14)
  A catoblepas (D:13)
  A boulder beetle (D:13)
  7 two-headed ogres
  2 tengu warriors
  Urug (D:12)
  The ghost of anet the Covert, a novice GnDe of Sif Muna (D:7)
  4 skeletal warriors (D:14)
  A phantasmal warrior (D:14)
  An orc knight (D:12)
  Pikel (D:7)
  A mana viper (shapeshifter) (D:13)
  2 ugly things
  3 cyclopes
  A manticore (D:9)
  2 gargoyles
  An unseen horror (D:10)
  A cane toad (shapeshifter) (D:13)
  2 freezing wraiths
  2 kobold demonologists
  2 trolls
  3 meliai (D:13)
  A tengu conjurer (D:13)
  3 hornets
  Prince Ribbit (D:7)
  3 slime creatures (D:14)
  Sigmund (D:3)
  A ynoxinul (D:11)
  4 wraiths
  2 wyverns
  A vampire (D:13)
  17 yaks
  A basilisk (D:9)
  A golden eye (shapeshifter) (D:13)
  A steam dragon (D:8)
  13 vampire mosquitoes
  An acid dragon (D:11)
  A water moccasin (D:4)
  Duvessa (D:7)
  15 orc warriors
  4 ice beasts
  4 black bears
  A sky beast (D:7)
  6 centaurs
  11 ogres
  3 lemures (D:7)
  5 phantoms
  Blork the orc (D:6)
  11 kobold brigands
  5 bullfrogs
  2 scorpions
  A necrophage (D:5)
  3 gnoll sergeants
  16 wights
  Dowan (D:7)
  13 killer bees
  3 howler monkeys
  An electric eel (D:14)
  3 hounds
  A jelly (D:6)
  6 orc priests
  5 iguanas
  Terence (D:3)
  15 orc wizards
  20 gnolls
  12 adders
  A river rat (Sewer)
  A shadow imp (D:7)
  A white imp (D:7)
  An ufetubus (D:7)
  7 worms
  A dart slug (D:4)
  55 orcs
  7 endoplasms
  3 giant cockroaches
  30 hobgoblins
  5 jackals
  34 kobolds
  7 ball pythons
  8 bats
  6 frilled lizards
  31 goblins
  9 rats
483 creatures vanquished.

Vanquished Creatures (others)
  19 fungi (D:8)
  8 plants (D:8)
27 creatures vanquished.

Grand Total: 510 creatures vanquished

Notes
Turn   | Place    | Note
-------+----------+-------------------------------------------
     0 | D:1      | Malachi the Draconian Air Elementalist began the quest for
                  | the Orb.
     0 | D:1      | Reached XP level 1. HP: 14/14 MP: 3/3
   373 | D:1      | Reached XP level 2. HP: 20/20 MP: 0/5
   914 | D:1      | Found a faded altar of an unknown god.
   940 | D:1      | Prayed at the altar of an unknown god.
   940 | D:1      | Became a worshipper of Cheibriados the Contemplative
   940 | D:1      | Reached * piety under Cheibriados
  1029 | D:1      | Learned a level 2 spell: Static Discharge
  1151 | D:2      | Reached XP level 3. HP: 26/26 MP: 7/7
  1796 | D:2      | Reached ** piety under Cheibriados
  2307 | D:3      | Noticed Sigmund
  2317 | D:3      | Killed Sigmund
  2318 | D:3      | Reached skill level 5 in Spellcasting
  2318 | D:3      | Reached XP level 4. HP: 5/33 MP: 2/11
  2318 | D:3      | Reached XP level 5. HP: 5/38 MP: 2/12
  2584 | D:3      | Noticed Terence
  2592 | D:3      | Killed Terence
  2928 | D:3      | Found a glowing golden altar of the Shining One.
  3019 | D:3      | Got the Compendium of the Salvo
  3303 | D:4      | Reached XP level 6. HP: 35/45 MP: 5/14
  3395 | D:4      | Found a staircase to the Ecumenical Temple.
  3445 | D:4      | Found a glowing drain.
  3465 | Sewer    | Entered a sewer
  3701 | Sewer    | Reached *** piety under Cheibriados
  3852 | Sewer    | Your scales start taking on a glossy black colour.
  3852 | Sewer    | Reached XP level 7. HP: 27/50 MP: 4/17
  3852 | Sewer    | Gained mutation: You are resistant to electric shocks.
                  | (rElec) [Black Draconian growth]
  4555 | D:4      | Reached **** piety under Cheibriados
  4717 | D:4      | Reached skill level 5 in Air Magic
  4840 | D:4      | Reached XP level 8. HP: 43/57 MP: 15/20
  4938 | D:4      | Reached ***** piety under Cheibriados
  5156 | D:4      | Learned a level 4 spell: Airstrike
  5399 | Temple   | Entered the Ecumenical Temple
  5457 | D:4      | Identified a scroll of acquirement
  5457 | D:4      | Acquired the +3 buckler of Xulonibig {Str+5}
  5474 | D:5      | Entered Level 5 of the Dungeon
  5603 | D:5      | Reached skill level 1 in Fighting
  5710 | D:5      | Reached skill level 2 in Fighting
  5963 | D:5      | Reached skill level 3 in Fighting
  6099 | D:5      | Reached skill level 4 in Fighting
  6164 | D:5      | Reached skill level 5 in Fighting
  6532 | D:6      | Reached XP level 9. HP: 75/75 MP: 21/21
  6535 | D:6      | Found a stormy altar of Qazlal.
  6540 | D:6      | Reached skill level 6 in Fighting
  6671 | D:6      | Found Gypnycon's Distillery.
  6710 | D:6      | Reached skill level 1 in Shields
  6796 | D:6      | Found Geggughe's Magic Scroll Shoppe.
  6801 | D:6      | Bought a scroll of blinking for 97 gold pieces
  6801 | D:6      | Bought a scroll of enchant weapon for 97 gold pieces
  6801 | D:6      | Bought a scroll of identify for 26 gold pieces
  6801 | D:6      | Bought a scroll of identify for 26 gold pieces
  6801 | D:6      | Bought a scroll of identify for 26 gold pieces
  6979 | D:6      | Noticed a cyclops
  6988 | D:6      | Noticed Blork the orc
  6990 | D:6      | Killed a cyclops
  6991 | D:6      | Reached skill level 7 in Fighting
  7012 | D:6      | Reached skill level 8 in Fighting
  7018 | D:6      | Killed Blork the orc
  7225 | D:6      | Found Puaps's Weapon Emporium.
  7263 | D:6      | Found Gurialost's Armour Shoppe.
  7277 | D:6      | Reached skill level 9 in Fighting
  7288 | D:6      | Bought a +0 cloak for 45 gold pieces
  7722 | D:7      | Found an iron altar of Okawaru.
  7770 | D:7      | Reached ****** piety under Cheibriados
  7772 | D:7      | Noticed Duvessa
  7777 | D:7      | Killed Duvessa
  7778 | D:7      | Noticed Dowan
  7783 | D:7      | Killed Dowan
  7814 | D:7      | Found a runed translucent door.
  7815 | D:7      | Noticed anet's ghost (novice GnDe)
  7830 | D:7      | Paralysed by a hornet for 2 turns
  7835 | D:7      | Reached skill level 10 in Fighting
  7835 | D:7      | Reached XP level 10. HP: 89/93 MP: 15/22
  7877 | D:7      | Noticed Pikel
  7884 | D:7      | Killed Pikel
  7885 | D:7      | Reached skill level 5 in Shields
  7976 | D:7      | Reached skill level 11 in Fighting
  8039 | D:7      | Noticed Prince Ribbit
  8052 | D:7      | Killed Prince Ribbit
  8095 | D:7      | Found a sacrificial altar of Ru.
  8201 | D:7      | Killed anet's ghost
  8202 | D:7      | Reached skill level 12 in Fighting
  8579 | D:8      | Reached skill level 13 in Fighting
  8634 | D:8      | Reached skill level 14 in Fighting
  8805 | D:8      | Found a staircase to the Lair.
  8810 | D:8      | Found a radiant altar of Vehumet.
  8989 | D:8      | Paralysed by a hornet for 1 turns
  9267 | D:9      | Noticed Erolcha
  9285 | D:9      | Killed Erolcha
  9286 | D:9      | Reached skill level 15 in Fighting
  9286 | D:9      | Reached XP level 11. HP: 32/112 MP: 7/23
  9534 | D:9      | Found a broken altar of Ashenzari.
  9534 | D:9      | Found a glowing silver altar of Zin.
  9552 | D:9      | Reached skill level 1 in Invocations
  9750 | D:9      | Noticed Harold
  9758 | D:9      | Killed Harold
  9764 | D:9      | Noticed a two-headed ogre
  9776 | D:9      | Killed a two-headed ogre
 10056 | D:9      | Noticed a centaur warrior
 10066 | D:9      | Killed a centaur warrior
 10067 | D:9      | Reached skill level 5 in Invocations
 10136 | D:9      | Noticed a seven-headed hydra
 10141 | D:9      | Killed a seven-headed hydra
 10228 | D:9      | Noticed a green ugly thing
 10236 | D:9      | Killed a green ugly thing
 10542 | D:9      | Noticed a tengu warrior
 10543 | D:9      | Identified the +7 sling "Xuatiwoo" {venom, Int+3}
 10579 | D:9      | Noticed a centaur warrior
 10583 | D:9      | Killed a centaur warrior
 10628 | D:9      | Noticed a centaur warrior
 10634 | D:9      | Killed a tengu warrior
 10640 | D:9      | Killed a centaur warrior
 10641 | D:9      | Reached skill level 10 in Shields
 10905 | D:10     | Entered Level 10 of the Dungeon
 11270 | D:10     | Reached XP level 12. HP: 119/119 MP: 21/24
 11550 | D:10     | Found a staircase to the Orcish Mines.
 11788 | D:10     | Reached skill level 10 in Invocations
 11994 | D:11     | Noticed Stonecrops's ghost (journeyman FoFi)
 12000 | D:11     | Found a runed translucent door.
 12024 | D:11     | Killed Stonecrops's ghost
 12039 | D:11     | Got the Precepts of the Mountains
 12379 | D:11     | Noticed Gastronok
 12380 | D:11     | Noticed a two-headed ogre
 12393 | D:11     | Killed Gastronok
 12395 | D:11     | Killed a two-headed ogre
 13319 | D:12     | Found Ydyrgh's Book Boutique.
 13335 | D:12     | Found Keosseh's Weapon Emporium.
 13444 | D:12     | Learned a level 5 spell: Freezing Cloud
 13504 | D:12     | Found Joimaeme's Weapon Shoppe.
 13646 | D:12     | Reached skill level 5 in Conjurations
 13835 | D:12     | Noticed Urug
 13841 | D:12     | Killed Urug
 14400 | D:13     | Noticed a catoblepas
 14407 | D:13     | Killed a catoblepas
 14487 | D:13     | Noticed a centaur warrior
 14487 | D:13     | Noticed a tengu warrior
 14493 | D:13     | Reached XP level 13. HP: 122/126 MP: 17/25
 14850 | D:13     | Found a gate to the Vaults.
 15181 | D:13     | Found a runed translucent door.
 15182 | D:13     | Noticed onwiheg's ghost (journeyman FoFi)
 15233 | D:13     | Killed onwiheg's ghost
 15578 | D:13     | Reached skill level 5 in Dodging
 15581 | D:13     | Paralysed by something for 3 turns
 15946 | D:13     | Found a portal to a secret trove of treasure.
 16776 | D:14     | HP: 2/126 [skeletal warrior/+0 trident[a death knight] (9)]
 16987 | D:14     | Drowned by a water elemental

Illustrated notes

Levels and vault maps discovered:
D:1:      scummos_arrival_simple_fountains, layout_loops_ring,
          basic_ecumenical_altar, corner_web_ring,
          chequers_serial_rivers_micro_d, nicolae_concentric_dashed_squares_mild
D:2:      layout_basic, minmay_pentomino_x2
D:3:      layout_loops_cross, lemuel_coloured_pillars_altar,
          nicolae_concentric_dashed_squares_wild, uniq_sigmund, uniq_terence
D:4:      minmay_goblin_kobold_castle, layout_cave_pools,
          minmay_temple_entry_drinking_statues, cheibrodos_sewer_entry_bend,
          kennysheep_generic_room_11
D:5:      layout_loops_ring, serial_rivers, chequers_serial_rivers_large_a,
          chequers_serial_rivers_small_a, chequers_serial_rivers_micro_d,
          chequers_serial_rivers_small_3, chequers_serial_rivers_small_a,
          grunt_ministairs_7, glass_columns_a
D:6:      layout_loops_ring, mainiacjoe_overflow_cross_hatched, serial_shops,
          nicolae_shop_bloodbath_and_beyond, nicolae_shop_advertising_works
          [nicolae_subvault_shop_adworks], shop, shop, minmay_manual_monolith,
          uniq_blork_the_orc
D:7:      layout_loops_cross, nicolae_ru_sacrificial_ziggurat,
          mainiacjoe_overflow_alcove_1, ebering_ghost_reflecting_pool,
          uniq_duvessa, uniq_prince_ribbit1, uniq_pikel
D:8:      layout_basic, mainiacjoe_overflow_concentric_impassable,
          grunt_lair_entry_orc_guard_hut
D:9:      layout_roguey, mainiacjoe_overflow_large_starburst, minmay_evil_grid,
          uniq_erolcha, uniq_harold
D:10:     layout_loops_cross, kennysheep_orc_monster_closet_entryway,
          serial_glass, glass_columns_a, glass_columns_a, glass_columns_a,
          glass_columns_b, minmay_strange_pillars, minmay_strange_pillars,
          minmay_strange_pillars, feat_on_display, kennysheep_cluttered_room
D:11:     layout_basic, hellmonk_ghost_big_iron, uniq_gastronok
D:12:     layout_long_grid, serial_shops, nicolae_shop_statue_plus, shop_statue,
          kennysheep_little_box, special_room [special_room_orc],
          hangedman_decor_points, uniq_urug
D:13:     layout_roguey, david_vaults_2, gammafunk_ghost_grave,
          nicolae_trove_entry_crystal, grunt_decor_mini_mirrors
D:14:     layout_basic, serial_park_fountain
Temple:   hellmonk_temple_of_storms

Skill      XL: |  1  2  3  4  5  6  7  8  9 10 11 12 13 |
---------------+----------------------------------------+-----
Spellcasting   | 3 5 7 8 |  8.0
Air Magic      | 6 8 |  8.0
Fighting       | 5 10 15 | 15.0
Shields        | 4 7 10 | 10.0
Invocations    | 7 12 | 12.0
Conjurations   | 6 8 |  8.0
Dodging        | 8 |  8.8
Stealth        | |  1.8

Action                   |  1- 3 |  4- 6 |  7- 9 | 10-12 | 13-15 || total
-------------------------+-------+-------+-------+-------+-------++-------
Melee: Unarmed           |    11 |       |       |       |       ||    11
       Tailslap          |     4 |     9 |    33 |    53 |    28 ||   127
       Mace              |    54 |     1 |       |       |       ||    55
       Flail             |       |    65 |   198 |   321 |   126 ||   710
       Punch             |       |       |     1 |       |       ||     1
 Cast: Shock             |    26 |       |       |       |       ||    26
       Static Discharge  |    28 |    35 |   102 |   158 |    55 ||   378
       Airstrike         |       |       |     2 |    28 |    14 ||    44
       Freezing Cloud    |       |       |       |     9 |     9 ||    18
Invok: Slouch            |       |       |       |     1 |     7 ||     8
 Abil: Breathe Lightning |       |       |     3 |     4 |     1 ||     8
Evoke: Condenser vane    |       |       |       |       |     1 ||     1
  Use: Potion            |     1 |       |       |     1 |     4 ||     6
       Scroll            |       |     3 |    11 |     9 |     6 ||    29
 Stab: Sleeping          |     1 |       |     7 |     1 |     1 ||    10
Armor: Skin              |    47 |    33 |   142 |   259 |    74 ||   555
Dodge: Dodged            |    66 |    78 |   241 |   334 |   154 ||   873
Block: Buckler           |       |       |    74 |   383 |   129 ||   586

Table legend: (Time is in decaauts)
 A = Elapsed time spent in this place.
 B = Non-inter-level travel time spent in this place.
 C = Inter-level travel time spent in this place.
 D = Time resting spent in this place.
 E = Time spent auto-exploring this place.
 F = Levels seen in this place.
 G = Mean time per level.
                   A        B        C        D        E       F      G
               +--------+--------+--------+--------+--------+-----+--------+
         Total |  25133 |  24465 |    668 |   2390 |  17440 |  16 | 1570.8 |
       Dungeon |  23659 |  23002 |    657 |   2390 |  16320 |  14 | 1689.9 |
        Temple |     75 |     64 |     11 |      0 |     41 |   1 |   75.0 |
         Sewer |   1398 |   1398 |      0 |      0 |   1078 |   1 | 1398.0 |
               +--------+--------+--------+--------+--------+-----+--------+

Top non-repeatable levels by time:
    D:13: 2515 daAuts
     D:9: 2270 daAuts
    D:11: 2062 daAuts
     D:6: 1821 daAuts
     D:4: 1818 daAuts
    D:10: 1818 daAuts
     D:5: 1726 daAuts
    D:12: 1716 daAuts
     D:3: 1583 daAuts
     D:7: 1580 daAuts
   Sewer: 1398 daAuts
     D:2: 1310 daAuts
     D:8: 1214 daAuts
    D:14: 1160 daAuts
     D:1: 1060 daAuts
